 Dungeon Crawl Stone Soup version 0.28.0-1-gb440e238dd (webtiles) character file.

Game seed: 16184431431545183567

156 browni3141 the Gusty (level 5, -4/34 (37) HPs)
             Began as a Gnoll Air Elementalist on Feb 19, 2022.
             Killed from afar by an orc wizard (9 damage)
             ... with a puff of flame
             ... on level 3 of the Dungeon.
             The game lasted 00:06:26 (3045 turns).

browni3141 the Gusty (Gnoll Air Elementalist)       Turns: 3045, Time: 00:06:27

HP:   -4/34 (37)    AC:  5    Str: 13    XL:     5   Next: 38%
MP:   1/12          EV: 12    Int: 17    God:
Gold: 139           SH:  0    Dex: 12    Spells: 8/14 levels left

rFire   . . .      SeeInvis .   g - +1 dagger (venom)
rCold   . . .      Faith    .   (no shield)
rNeg    . . .      Spirit   .   h - +0 ring mail
rPois   .          Reflect  .   (no helmet)
rElec   .          Harm     .   (no cloak)
rCorr   .          Rampage  .   (no gloves)
Will    .....                   (no boots)
Stlth   ++........              (no amulet)
HPRegen 0.11/turn               S - +6 ring of strength
MPRegen 0.13/turn               (no ring)

@: very slightly contaminated, drained
A: fangs 1, strong nose, distributed training
a: no special abilities


You were on level 3 of the Dungeon.
You visited 1 branch of the dungeon, and saw 3 of its levels.

You collected 139 gold pieces.


Innate Abilities, Weirdness & Mutations

You have very sharp teeth.
Your uncanny sense of smell can sniff out nearby items.
Your experience applies equally to all skills.


   Skills:
 + Level 1.4 Fighting
 + Level 1.4 Short Blades
 + Level 1.4 Long Blades
 + Level 1.4 Axes
 + Level 1.4 Maces & Flails
 + Level 1.4 Polearms
 + Level 1.4 Staves
 + Level 1.4 Slings
 + Level 1.4 Bows
 + Level 1.4 Crossbows
 + Level 1.4 Throwing
 + Level 1.4 Armour
 + Level 4.8 Dodging
 + Level 4.4 Stealth
 + Level 1.4 Shields
 + Level 1.4 Unarmed Combat
 + Level 5.2 Spellcasting
 + Level 2.4 Conjurations
 + Level 1.1 Hexes
 + Level 1.1 Summonings
 + Level 1.1 Necromancy
 + Level 1.1 Translocations
 + Level 1.1 Transmutations
 + Level 1.1 Fire Magic
 + Level 1.1 Ice Magic
 + Level 5.5 Air Magic
 + Level 1.1 Earth Magic
 + Level 1.1 Poison Magic
 + Level 1.6 Invocations
 + Level 1.4 Evocations


You had 8 spell levels left.
You knew the following spells:

 Your Spells              Type           Power      Damage    Failure   Level
i - Swiftness             Air            23%        N/A       9%          3
t - Static Discharge      Conj/Air       17%        N/A       9%          2
z - Shock                 Conj/Air       68%        1d7       6%          1

Your spell library contained the following spells:

 Spells                   Type           Power      Damage    Failure   Level
 Animate Skeleton         Necr           16%        N/A       19%         1
 Apportation              Tloc           16%        N/A       19%         1
 Freeze                   Ice            32%        1d5       19%         1
 Summon Small Mammal      Summ           32%        N/A       19%         1
 Airstrike                Air            11%        N/A       30%         4

Inventory:

Hand Weapons
 e - a +0 mace
 g - a +1 dagger of venom (weapon)
 l - a +2 halberd of protection
Missiles
 d - 14 poisoned darts {@f3}
Armour
 a - a +0 robe
 h - a +0 ring mail (worn)
Jewellery
 S - a +6 ring of strength (left hand)
Scrolls
 c - a scroll of holy word {unknown}
 f - 3 scrolls of identify {unknown}
 i - a scroll of immolation {unknown}
 j - a scroll of enchant weapon {unknown}
 k - a scroll of blinking {unknown}
Potions
 b - 2 potions of mutation {unknown}

Dungeon Overview and Level Annotations

Branches:
Dungeon (3/15)

Altars:
Sif Muna

Annotations:
D:3 Ijyb

#....##.#
#.#........# #.#
#....##.#
#o#........# #.#
#....##.#
#o#........# #.#
#....##.#
#.#........# #.#
#....##.#
#.#........# #.#
#....##.#
#.#........# #.#
#######.#
#{#........######
#.# #.#
#...............#
#.# #####.#
###.o.@)...####.#
#.# #.....#
######<### #.# #.#
#.###.# #.# #.#
#.# #.# #.# ######
#.# #.# #.# #.#
#.# #....# #.# #.#
#.# #.# ### #.##.#
#.# #.#####.#
#.#######.##.###.#
#.(.....#
#.........##.....#
#########
#.##########.#####


You could see an orc warrior.


Message History

The zap misses the orc wizard.
The zap misses the orc warrior.
The orc wizard hits you with a +0 dagger.
* * * LOW HITPOINT WARNING * * *
There is an open door here.
An orc comes into view. It is wielding a +1 mace of protection.
Your magical contamination has completely faded away.
The orc wizard casts a spell.
The orc wizard flickers and vanishes!
Deactivating autopickup; reactivate with Ctrl-A.
Aiming: Shock (safe; 6% risk of failure)
Press: ? - help, Q - select action, (/) - cycle Shift-Dir - straight line, f/p - orc warrior
Aim: an orc warrior, wielding a +2 war axe of draining and wearing a +0 chain mail (almost dead, 68% to hit)
You miscast Shock.
You are very lightly contaminated with residual magic.
Nothing appears to happen.
Aiming: Shock (safe; 6% risk of failure)
Press: ? - help, Q - select action, (/) - cycle Shift-Dir - straight line, f/p - orc warrior
Aim: an orc warrior, wielding a +2 war axe of draining and wearing a +0 chain mail (almost dead, 68% to hit)
The zap hits the orc warrior.
The orc warrior is almost dead.
The zap hits something.
The zap hits the orc wizard but does no damage.
The zap hits the orc.
The orc is heavily wounded.
A magic dart appears from out of thin air!
The magic dart hits you.
* * * LOW HITPOINT WARNING * * *
A puff of flame appears from out of thin air!
The puff of flame hits you!
You die...

Skill      XL: |  1  2  3  4 |
---------------+-------------+-----
Conjurations   | 2 |  2.4
Spellcasting   | 5 |  5.2
Invocations    | 1 |  1.6
Fighting       | 1 |  1.4
Short Blades   | 1 |  1.4
Long Blades    | 1 |  1.4
Axes           | 1 |  1.4
Maces & Flails | 1 |  1.4
Polearms       | 1 |  1.4
Staves         | 1 |  1.4
Slings         | 1 |  1.4
Bows           | 1 |  1.4
Crossbows      | 1 |  1.4
Throwing       | 1 |  1.4
Armour         | 1 |  1.4
Shields        | 1 |  1.4
Unarmed Combat | 1 |  1.4
Evocations     | 1 |  1.4
Hexes          | 1 |  1.1
Summonings     | 1 |  1.1
Necromancy     | 1 |  1.1
Translocations | 1 |  1.1
Transmutations | 1 |  1.1
Fire Magic     | 1 |  1.1
Ice Magic      | 1 |  1.1
Earth Magic    | 1 |  1.1
Poison Magic   | 1 |  1.1
Dodging        | |  4.8
Stealth        | |  4.4
Air Magic      | |  5.5

Action                   |  1- 3 |  4- 6 || total
-------------------------+-------+-------++-------
Melee: Unarmed           |     5 |       ||     5
       Mace              |       |     3 ||     3
 Cast: Shock             |    59 |    65 ||   124
       Static Discharge  |       |     2 ||     2
Armor: Robe              |       |     1 ||     1
       Ring mail         |       |     2 ||     2
Dodge: Dodged            |    10 |     3 ||    13

Levels and vault maps discovered:
D:1:      dpeg_arrival_radiant, layout_rooms
D:2:      layout_basic, shapermc_ecumenical_altar_rom_forum, uniq_terence
D:3:      layout_basic, tgw_sif, uniq_ijyb

Notes
Turn   | Place    | Note
-------+----------+-------------------------------------------
     0 | D:1      | browni3141 the Gnoll Air Elementalist began the quest for
                  | the Orb.
     0 | D:1      | Reached XP level 1. HP: 13/13 MP: 6/6
    96 | D:1      | Reached skill level 2 in Conjurations
   168 | D:1      | Reached XP level 2. HP: 19/19 MP: 5/7
   802 | D:2      | Noticed Terence
   864 | D:2      | Killed Terence
   865 | D:2      | Reached skill level 5 in Spellcasting
   865 | D:2      | Reached skill level 1 in Invocations
   865 | D:2      | Reached XP level 3. HP: 5/25 MP: 2/9
   872 | D:2      | Learned a level 2 spell: Static Discharge
   876 | D:2      | Learned a level 3 spell: Swiftness
  1138 | D:2      | Reached skill level 1 in Fighting
  1138 | D:2      | Reached skill level 1 in Short Blades
  1138 | D:2      | Reached skill level 1 in Long Blades
  1138 | D:2      | Reached skill level 1 in Axes
  1138 | D:2      | Reached skill level 1 in Maces & Flails
  1138 | D:2      | Reached skill level 1 in Polearms
  1138 | D:2      | Reached skill level 1 in Staves
  1138 | D:2      | Reached skill level 1 in Slings
  1138 | D:2      | Reached skill level 1 in Bows
  1138 | D:2      | Reached skill level 1 in Crossbows
  1138 | D:2      | Reached skill level 1 in Throwing
  1138 | D:2      | Reached skill level 1 in Armour
  1138 | D:2      | Reached skill level 1 in Shields
  1138 | D:2      | Reached skill level 1 in Unarmed Combat
  1138 | D:2      | Reached skill level 1 in Evocations
  1183 | D:2      | Reached XP level 4. HP: 32/32 MP: 2/11
  1409 | D:2      | Found a faded altar of an unknown god.
  1442 | D:2      | Got Plato's Catalogue of Cold
  2233 | D:3      | Noticed Ijyb
  2444 | D:3      | Noticed Jessica
  2450 | D:3      | Killed Jessica
  2451 | D:3      | Reached skill level 1 in Hexes
  2451 | D:3      | Reached skill level 1 in Summonings
  2451 | D:3      | Reached skill level 1 in Necromancy
  2451 | D:3      | Reached skill level 1 in Translocations
  2451 | D:3      | Reached skill level 1 in Transmutations
  2451 | D:3      | Reached skill level 1 in Fire Magic
  2451 | D:3      | Reached skill level 1 in Ice Magic
  2451 | D:3      | Reached skill level 1 in Earth Magic
  2451 | D:3      | Reached skill level 1 in Poison Magic
  2500 | D:3      | Found a shimmering blue altar of Sif Muna.
  2527 | D:3      | Reached XP level 5. HP: 37/37 MP: 6/12
  2567 | D:3      | HP: 2/37 [orc priest/divine providence (8)]
  3008 | D:3      | Noticed an orc warrior
  3045 | D:3      | Killed from afar by an orc wizard

Vanquished Creatures
  An orc priest (D:3)
  Jessica (D:3)
  Terence (D:2)
  2 gnolls (D:3)
  A worm (D:2)
  3 dart slugs
  4 orcs (D:3)
  A bat (D:2)
  4 endoplasms
  A giant cockroach (D:1)
  7 goblins
  A hobgoblin (D:2)
  5 jackals
  A quokka (D:2)
  4 ball pythons
  2 frilled lizards (D:1)
  3 kobolds
  A rat (D:1)
43 creatures vanquished.

Vanquished Creatures (others)
  A fungus (D:2)
1 creature vanquished.

Grand Total: 44 creatures vanquished

Table legend: (Time is in decaauts)
 A = Elapsed time spent in this place.
 B = Non-inter-level travel time spent in this place.
 C = Inter-level travel time spent in this place.
 D = Time resting spent in this place.
 E = Time spent auto-exploring this place.
 F = Levels seen in this place.
 G = Mean time per level.
                   A        B        C        D        E       F      G
               +--------+--------+--------+--------+--------+-----+--------+
         Total |   3049 |   2859 |    190 |    366 |   1995 |   3 | 1016.3 |
       Dungeon |   3049 |   2859 |    190 |    366 |   1995 |   3 | 1016.3 |
               +--------+--------+--------+--------+--------+-----+--------+

Top non-repeatable levels by time:
     D:2: 1643 daAuts
     D:1: 785 daAuts
     D:3: 621 daAuts

Table legend:
 A = Non-vault XP
 B = Vault XP
 C = Vault XP percentage of total XP
 D = Non-vault monster count
 E = Vault monster count
 F = Vault count percentage of total count
                 A         B        C        D         E       F
            +---------+---------+-------+---------+---------+-------
      Total |     151 |      73 |  32.6 |      41 |       2 |   4.7
            +---------+---------+-------+---------+---------+-------
        D:1 |      31 |       0 |   0.0 |      18 |       0 |   0.0
        D:2 |      35 |      36 |  50.7 |      15 |       1 |   6.2
        D:3 |      85 |      37 |  30.3 |       8 |       1 |  11.1
            +---------+---------+-------+---------+---------+-------
